 Dungeon Crawl Stone Soup version 0.31.0-11-ge490571c62 (webtiles) character file.

Game seed: 9120858635356449960

1076 qw the Ducker (level 8, -4/39 HPs)
             Began as a Spriggan Hunter on Feb 4, 2024.
             Was a Believer of Okawaru.
             Killed by divine providence
             ... invoked by an orc priest
              (12 damage)
             ... on level 6 of the Dungeon.
             The game lasted 00:00:17 (4139 turns).

qw the Ducker (Spriggan Hunter)                     Turns: 4139, Time: 00:00:17

Health: -4/39      AC: 16    Str:  7    XL:     8   Next: 8%
Magic:  12/12      EV: 23    Int: 10    God:    Okawaru [**....]
Gold:   24         SH:  0    Dex: 21    Spells: 7/7 levels left

rFire   x x .        u - +4 orcbow
rCold   x x .        (shield currently unavailable)
rNeg    + . .        g - +1 robe {rN+}
rPois   +            d - +2 hat
rElec   .            j - +2 cloak {Stlth+}
rCorr   +            (gloves unavailable)
SInv    +            (boots unavailable)
Will    +....        q - amulet of Elemental Vulnerability {rPois rF-- rC-- AC+8}
Stlth   +++          b - ring of resist corrosion
HPRegen 0.26/turn    (no ring)
MPRegen 0.13/turn

%: no passive effects
@: about to teleport, very quick
A: very small, no large weapons, unfitting armour, see invisible, speed 3
a: Renounce Religion, Heroism


You were on level 6 of the Dungeon.
You worshipped Okawaru.
Okawaru was pleased with you.
You visited 2 branches of the dungeon, and saw 7 of its levels.

You collected 199 gold pieces.
You spent 175 gold pieces at shops.


Innate Abilities, Weirdness & Mutations

You are very small and have problems with some larger weapons.
You are too small for most types of armour.
You have supernaturally acute eyesight. (SInv)
You cover ground extremely quickly. (Speed+++)


   Skills:
 - Level 2.3 Fighting
 + Level 7.4 Ranged Weapons
 - Level 7.4 Dodging
 - Level 1.5 Stealth
 - Level 4.0 Invocations


You had 7 spell levels left.
You didn't know any spells.
Your spell library was empty.

Inventory:

Hand Weapons
 u - a +4 orcbow (weapon)
Armour
 d - a +2 hat (worn)
 g - a +1 robe of positive energy (worn)
 j - a +2 cloak of stealth (worn)
Jewellery
 b - a ring of resist corrosion (left hand)
 q - the amulet of Elemental Vulnerability (around neck) {rPois rF-- rC-- AC+8}
   (You found it on level 5 of the Dungeon)

   [amulet of nothing]

   AC+8:      It affects your AC (+8).
   rF--:      It makes you very vulnerable to fire.
   rC--:      It makes you very vulnerable to cold.
   rPois:     It protects you from poison
Wands
 l - a wand of polymorph (11)
 n - a wand of roots (2)
 p - a wand of flame (23)
Scrolls
 a - a scroll of blinking {unknown}
 i - a scroll of enchant armour
 r - 3 scrolls of teleportation
Potions
 c - a potion of resistance
 e - a potion of cancellation
 f - a potion of heal wounds {unknown}
 h - 2 potions of might {unknown}
 k - a potion of degeneration {unknown}
 m - a potion of enlightenment {unknown}
 o - 2 potions of mutation {unknown}
 v - a potion of brilliance {unknown}

Dungeon Overview and Level Annotations

Branches:
Dungeon (6/15)             Temple (1/1) D:4

Altars:
Cheibriados
Elyvilon
Fedhas
Hepliaklqana
Nemelex Xobeh
Okawaru
Qazlal
Ru
Sif Muna
Uskayaw
Vehumet
Xom
Yredelemnul
Zin
The Shining One

Shops:
D:5 :?=*

Annotations:
D:2 1 runed translucent door, Crazy Yiuf


Message History

You shoot an arrow. The arrow hits the phantom.
The phantom is moderately damaged.
You shoot an arrow. The arrow hits the phantom.
The phantom is heavily damaged.
You shoot an arrow. The arrow hits the phantom!
The phantom is almost destroyed.
You shoot an arrow. The arrow closely misses the phantom.
You shoot an arrow. The arrow hits the phantom.
You destroy the phantom!
Okawaru accepts your kill.
Your Invocations skill increases to level 4!
You start resting.
Magic restored.
You start resting.
An orc priest is nearby!
You shoot an arrow. The arrow barely misses the orc priest.
You shoot an arrow. The arrow hits the orc priest!
The orc priest is severely wounded.
You shoot an arrow.
The arrow hits the orc priest but does no damage.
The orc priest is severely wounded.
You shoot an arrow. The arrow barely misses the orc priest.
The orc priest calls down the wrath of Beogh upon you.
Beogh smites you!
You shoot an arrow. The orc priest shouts!
The arrow hits the orc priest.
The orc priest is almost dead.
You hear a shout! x2
The orc priest invokes the aid of Beogh against you.
Beogh smites you!
The orc priest shouts!
4139 ||| READING 4 scrolls of teleportation.
As you read the scroll of teleportation, it crumbles to dust.
You feel strangely unstable.
The orc priest calls upon Beogh to heal the orc priest.
The orc priest is healed somewhat.
The orc priest calls down the wrath of Beogh upon you.
Beogh smites you!
You die...

# .# ######. .>...
.... #######..#
.........+ #@# #o#
##### #.##..
#...###.....
######.........####
#....<.............
###.###.............#
#...........o...o##.#
########..........#.#


You could see 3 orc priests.

Vanquished Creatures
  Grinder (D:5)
  Menkaure (D:5)
  A centaur (D:5)
  A phantom (D:6)
  A gnoll sergeant (D:5)
  2 bombardier beetles
  2 jellies
  3 hounds (D:4)
  4 iguanas
  6 gnolls
  8 adders
  A white imp (D:4)
  An ufetubus (D:6)
  3 dart slugs
  A ribbon worm (D:3)
  4 orcs
  4 ball pythons
  4 bats
  7 endoplasms
  2 giant cockroaches
  6 goblins
  4 hobgoblins
  6 jackals
  4 kobolds
  3 quokkas
  A frilled lizard (D:3)
  5 rats
86 creatures vanquished.

Notes
Turn   | Place    | Note
-------+----------+-------------------------------------------
     0 | D:1      | qw the Spriggan Hunter began the quest for the Orb.
     0 | D:1      | Reached XP level 1. HP: 10/10 MP: 2/2
     0 | D:1      | 0 ||| qw: Version: 0.3-a-160-g6735b56
     0 | D:1      | 0 ||| qw: Game counter: 5050
     0 | D:1      | 0 ||| qw: Melee chars always use a shield: true
     0 | D:1      | 0 ||| qw: God list: Okawaru
     0 | D:1      | 0 ||| qw: Allow faded altars: false
     0 | D:1      | 0 ||| qw: Do Orc after clearing Dungeon:15 true
     0 | D:1      | 0 ||| qw: Do second Lair branch before Depths: true
     0 | D:1      | 0 ||| qw: Lair rune preference: random
     0 | D:1      | 0 ||| qw: Goals: Normal
     0 | D:1      | 0 ||| PLANNING D:1-11
    53 | D:1      | Reached skill level 3 in Dodging
    57 | D:1      | Found a faded altar of an unknown god.
    78 | D:1      | Reached XP level 2. HP: 14/14 MP: 3/3
   885 | D:1      | 885 ||| UPGRADING to +2 hat.
   890 | D:1      | 890 ||| UPGRADING to +1 robe of positive energy.
   900 | D:1      | 900 ||| DROPPING +0 robe.
   901 | D:1      | 901 ||| UPGRADING to +2 cloak of stealth.
   906 | D:1      | 906 ||| READING scroll labelled WURGHI ASHAIRE.
   910 | D:1      | 910 ||| READING scroll labelled GIUVUAFAFI.
   910 | D:1      | 910 ||| ENCHANTING +0 shortbow.
   911 | D:1      | 911 ||| READING scroll labelled YXKIDDAIWU.
   912 | D:1      | 912 ||| READING scroll labelled XEFEGE DOUSCHI.
   912 | D:1      | 912 ||| IDENTIFYING scroll labelled FURHOAX TORUHO
   913 | D:1      | 913 ||| DROPPING scroll of butterflies.
   914 | D:1      | 914 ||| DROPPING scroll of amnesia.
  1029 | D:2      | Reached XP level 3. HP: 18/18 MP: 4/4
  1278 | D:2      | Found a runed translucent door.
  1279 | D:2      | Noticed Crazy Yiuf
  1346 | D:2      | 1346 ||| UPGRADING to ring of resist corrosion.
  1347 | D:2      | 1347 ||| READING scroll of identify.
  1347 | D:2      | 1347 ||| IDENTIFYING murky red potion
  1348 | D:2      | 1348 ||| READING scroll labelled HEAKAZ OQUOWK.
  1349 | D:2      | 1349 ||| READING scroll labelled ZEGYTEEDAWN.
  1349 | D:2      | 1349 ||| BRANDING +0 shortbow.
  1650 | D:3      | Reached XP level 4. HP: 22/22 MP: 5/5
  1792 | D:3      | 1792 ||| DRINKING 3 sedimented dark potions.
  1826 | D:3      | 1826 ||| DROPPING 2 potions of lignification.
  1948 | D:4      | Found a staircase to the Ecumenical Temple.
  1949 | D:4      | 1949 ||| PLANNING TEMPLE
  1955 | Temple   | Entered the Ecumenical Temple
  1956 | Temple   | 1956 ||| PLANNING OKAWARU WORSHIP
  1961 | Temple   | Became a worshipper of Warmaster Okawaru
  1962 | Temple   | 1962 ||| PLANNING D:1-11
  2098 | D:4      | Reached XP level 5. HP: 24/27 MP: 6/6
  2623 | D:4      | Reached skill level 6 in Ranged Weapons
  2671 | D:4      | Reached * piety under Okawaru
  2672 | D:4      | Reached XP level 6. HP: 31/31 MP: 7/7
  2906 | D:4      | 2906 ||| READING scroll of brand weapon.
  2906 | D:4      | 2906 ||| BRANDING +0 shortbow of flaming.
  3194 | D:5      | Entered Level 5 of the Dungeon
  3194 | D:5      | Found Nunuc's Jewellery Boutique.
  3195 | D:5      | Noticed Grinder
  3196 | D:5      | 3196 ||| INVOKING Heroism.
  3202 | D:5      | Paralysed by Grinder for 3 turns
  3205 | D:5      | Killed Grinder
  3206 | D:5      | Reached XP level 7. HP: 35/35 MP: 6/8
  3225 | D:5      | 3225 ||| SHOPLISTING +6 ring of dexterity (360 gold, have
                  | 165).
  3225 | D:5      | 3225 ||| SHOPLISTING ring "Zujeosim" {rElec rF+ rC+ Str-3
                  | Int+7} (544 gold, have 165).
  3225 | D:5      | 3225 ||| SHOPLISTING ring of protection from fire (250
                  | gold, have 165).
  3225 | D:5      | 3225 ||| SHOPLISTING ring of resist corrosion (200 gold,
                  | have 165).
  3283 | D:5      | Reached skill level 1 in Invocations
  3323 | D:5      | Found Zap Tiewk's General Store.
  3329 | D:5      | 3329 ||| BUYING wand of roots (2) (67 gold).
  3329 | D:5      | Bought a wand of roots (2) for 67 gold pieces
  3335 | D:5      | Noticed Menkaure
  3336 | D:5      | 3336 ||| INVOKING Heroism.
  3339 | D:5      | Killed Menkaure
  3571 | D:5      | Found the amulet of Elemental Vulnerability {rPois rF--
                  | rC-- AC+8}
  3580 | D:5      | Reached skill level 3 in Invocations
  3587 | D:5      | Found Bagom's Book Shoppe.
  3837 | D:5      | 3837 ||| SWAPPING to +3 orcbow.
  3838 | D:5      | 3838 ||| DROPPING +0 heavy shortbow.
  3874 | D:5      | Found Zoqigguh's Magic Scroll Boutique.
  3877 | D:5      | 3877 ||| BUYING 3 scrolls of teleportation (108 gold).
  3877 | D:5      | Bought 3 scrolls of teleportation for 108 gold pieces
  3877 | D:5      | 3877 ||| SHOPLISTING scroll of enchant armour (90 gold,
                  | have 18).
  3877 | D:5      | 3877 ||| SHOPLISTING scroll of identify (24 gold, have 18).
  3877 | D:5      | 3877 ||| SHOPLISTING scroll of teleportation (36 gold, have
                  | 18).
  3946 | D:5      | 3946 ||| UPGRADING to amulet of Elemental Vulnerability
                  | {rPois rF-- rC-- AC+8}.
  3951 | D:5      | 3951 ||| READING scroll of identify.
  3951 | D:5      | 3951 ||| IDENTIFYING murky orange potion
  3952 | D:5      | 3952 ||| READING scroll labelled KUSHON XEAX.
  3952 | D:5      | 3952 ||| ENCHANTING +3 orcbow.
  3953 | D:5      | 3953 ||| READING scroll labelled XILODI MAPLU.
  4034 | D:6      | 4034 ||| RETREEEEATING.
  4035 | D:6      | 4035 ||| RETREEEEATING.
  4040 | D:6      | 4040 ||| RETREEEEATING.
  4041 | D:6      | 4041 ||| RETREEEEATING.
  4041 | D:6      | HP: 4/35 [orc priest/divine providence (13)]
  4042 | D:6      | 4042 ||| READING 6 scrolls of teleportation.
  4043 | D:6      | 4043 ||| RETREEEEATING.
  4044 | D:6      | 4044 ||| RETREEEEATING.
  4045 | D:6      | 4045 ||| RETREEEEATING.
  4048 | D:6      | 4048 ||| READING 5 scrolls of teleportation.
  4062 | D:6      | Reached ** piety under Okawaru
  4063 | D:6      | Reached XP level 8. HP: 11/39 MP: 11/11
  4138 | D:6      | HP: 8/39 [orc priest/divine providence (12)]
  4139 | D:6      | 4139 ||| READING 4 scrolls of teleportation.
  4139 | D:6      | Killed from afar by an orc priest

Levels and vault maps discovered:
D:1:      dpeg_arrival_more_subterranean_lakeside_camping, layout_basic,
          basic_ecumenical_altar
D:2:      layout_rooms, uniq_crazy_yiuf_cottage
D:3:      layout_rooms, st_stairs_3
D:4:      layout_basic, minmay_temple_entry_wispy, nrook_loot_triangle,
          nicolae_grassy_gnolls
D:5:      layout_loops_cross, serial_shops, shop, kennysheep_mini_moat,
          nicolae_stop_n_shop_1, shop, kennysheep_generic_room_10, uniq_grinder,
          uniq_menkaure
D:6:      layout_basic
Temple:   nicolae_temple_bog_church

Skill      XL: |  1  2  3  4  5  6  7  8 |
---------------+-------------------------+-----
Dodging        | 3 4 5 7 |  7.4
Ranged Weapons | 5 6 7 |  7.4
Fighting       | 2 |  2.3
Invocations    | 3 4 |  4.0
Stealth        | |  1.5

Action                     |  1- 3 |  4- 6 |  7- 9 || total
---------------------------+-------+-------+-------++-------
   Fire: Shortbow          |   104 |   108 |    45 ||   257
         Orcbow            |       |       |    24 ||    24
 Invoke: Heroism           |       |     1 |     1 ||     2
    Use: Scroll            |     7 |     1 |     6 ||    14
         Potion            |       |     1 |       ||     1
 Armour: Robe              |     8 |    23 |     9 ||    40
  Dodge: Dodged            |    26 |    80 |    28 ||   134

Table legend:
 A = Non-vault XP
 B = Vault XP
 C = Vault XP percentage of total XP
 D = Non-vault monster count
 E = Vault monster count
 F = Vault count percentage of total count
                 A         B        C        D         E       F
            +---------+---------+-------+---------+---------+-------
      Total |    1036 |     502 |  32.6 |      79 |       7 |   8.1
            +---------+---------+-------+---------+---------+-------
        D:1 |      34 |       0 |   0.0 |      18 |       0 |   0.0
        D:2 |      31 |       0 |   0.0 |      11 |       0 |   0.0
        D:3 |      39 |       5 |  11.4 |      13 |       2 |  13.3
        D:4 |     309 |      44 |  12.5 |      17 |       3 |  15.0
        D:5 |     407 |     453 |  52.7 |      15 |       2 |  11.8
        D:6 |     216 |       0 |   0.0 |       5 |       0 |   0.0
            +---------+---------+-------+---------+---------+-------
